 Dungeon Crawl Stone Soup version 0.30-a0-509-gd016549fea (webtiles) character file.

Game seed: 6687598196412771101

3961 avis the Tainter (level 10, 0/82 (96) HPs)
             Began as a Naga Venom Mage on Dec 22, 2022.
             Was an Initiate of Kikubaaqudgha.
             Slain by a wight
             ... wielding a +4 short sword
              (7 damage)
             ... on level 8 of the Dungeon.
             The game lasted 01:22:53 (10144 turns).

avis the Tainter (Naga Venom Mage)                 Turns: 10144, Time: 01:22:53

HP:   0/82 (96)     AC: 13    Str: 10    XL:     10   Next: 22%
MP:   16/16         EV:  8    Int: 21    God:    Kikubaaqudgha [......]
Gold: 323           SH:  0    Dex: 11    Spells: 3/17 levels left

rFire   . . .      SeeInvis +    b - +0 flail (holy)
rCold   + . .      Faith    .    (no shield)
rNeg    . . .      Spirit   .    K - +2 robe {rC+}
rPois   +          Reflect  +    p - +0 helmet
rElec   .          Harm     .    f - +0 cloak
rCorr   .          Rampage  .    B - +0 pair of gloves
Will    +....                    l - +0 barding
Stlth   +.........               j - amulet of reflection
HPRegen 0.33/turn                y - +4 ring of slaying
MPRegen 0.15/turn                (no ring)

@: confused, ambrosia-drunk, hasted, heavily drained, quick
A: AC +3, large, see invisible, deformed body, poison resistance, slowness 2,
spit poison 1, naga tail 1
a: Spit Poison, Renounce Religion


You were on level 8 of the Dungeon.
You worshipped Kikubaaqudgha.
Kikubaaqudgha was noncommittal.
You visited 2 branches of the dungeon, and saw 9 of its levels.
You also visited: Sewer.

You collected 323 gold pieces.

Inventory:

Hand Weapons
 a - a +2 short sword of venom
 b - a +0 flail of holy wrath (weapon)
 w - a +1 flail of protection
Missiles
 d - 8 boomerangs (quivered)
 g - 24 poisoned darts
 n - 5 atropa-tipped darts
 o - 5 javelins
 N - a throwing net
Armour
 f - a +0 cloak (worn)
 l - a +0 barding (worn)
 p - a +0 helmet (worn)
 B - a +0 pair of gloves (worn)
 K - a +2 robe of cold resistance (worn)
Jewellery
 j - an amulet of reflection (around neck)
 y - a +4 ring of slaying (left hand)
Wands
 m - a wand of roots (8)
 t - a wand of flame (13)
 x - a wand of acid (28)
 L - a wand of polymorph (22)
Scrolls
 c - 3 scrolls of noise {unknown}
 h - 6 scrolls of blinking {unknown}
 q - a scroll of identify
 r - 2 scrolls of magic mapping {unknown}
 s - 8 scrolls of teleportation {unknown}
 A - a scroll of fog {unknown}
 C - a scroll of enchant weapon {unknown}
 D - 2 scrolls of fear {unknown}
 E - a scroll of silence {unknown}
 G - a scroll of vulnerability {unknown}
 H - a scroll of enchant armour {unknown}
 I - a scroll of amnesia {unknown}
Potions
 e - a potion of berserk rage
 k - 4 potions of might
 v - a potion of magic
 z - a potion of lignification
 F - 5 potions of flight
 O - 2 potions of cancellation


   Skills:
 - Level 8.0 Fighting
 * Level 2.6 Dodging
 + Level 6.5 Stealth
 - Level 4.0 Spellcasting
 - Level 4.0 Conjurations
 + Level 6.6 Necromancy
 - Level 1.0 Transmutations
 - Level 4.0 Air Magic
 - Level 8.0 Poison Magic


You had 3 spell levels left.
You knew the following spells:

 Your Spells              Type           Power      Damage    Failure   Level
a - Sting                 Tmut/Pois      92%        1d7       1%          1
i - Poisonous Vapours     Pois/Air       58%        N/A       1%          2
m - Mephitic Cloud        Conj/Pois/Air  26%        N/A       4%          3
n - Animate Dead          Necr           31%        N/A       8%          4
r - Olgreb's Toxic Radia  Pois           37%        N/A       4%          4

Your spell library contained the following spells:

 Spells                   Type           Power      Damage    Failure   Level
 Kiss of Death            Conj/Necr      100%       2d13      1%          1
 Necrotise                Necr           100%       1d9       1%          1
 Cigotuvi's Dreadful Rot  Necr/Pois/Air  60%        N/A       1%          2
 Leda's Liquefaction      Hex/Erth       2%         N/A       75%         4
 Freezing Cloud           Conj/Ice/Air   7%         6-21      75%         5
 Lee's Rapid Deconstruct  Erth           2%         3d4*      97%         5
 Simulacrum               Ice/Necr       9%         N/A       99%         6
 Statue Form              Tmut/Erth      4%         N/A       100%        6
 Polar Vortex             Ice            2%         N/A       100%        9


Dungeon Overview and Level Annotations

Branches:
Dungeon (8/15)             Temple (1/1) D:5           Sewer (visited)
   Lair: D:8-11

Altars:
Ashenzari
Cheibriados
Dithmenos
Elyvilon
Fedhas
Gozag
Hepliaklqana
Kikubaaqudgha
Makhleb
Nemelex Xobeh
Okawaru
Qazlal
Ru
Sif Muna
Trog
Uskayaw
Vehumet
Wu Jian
Xom
Yredelemnul
The Shining One

Shops:
D:3 =   D:7 [

Annotations:
D:3 3 runed translucent doors, Iich's ghost, amateur DsFi
D:4 3 runed translucent doors, FakeRyeBread's ghost, amateur DsGl


Innate Abilities, Weirdness & Mutations

Your serpentine skin is tough. (AC +3)
You have supernaturally acute eyesight. (SInv)
Armour fits poorly on your strangely shaped body.
Your system is resistant to poisons. (rPois)
You cover ground very slowly.
You can spit poison.
You have a snake-like lower body.


Message History

You block the wight's attack. The wight closely misses you.
The wight hits you with a +4 long sword.
* * * LOW HITPOINT WARNING * * *
You feel drained.
* * * LOW HITPOINT WARNING * * *
You feel better. The wight barely misses you.
The wight hits you with a +4 long sword.
* * * LOW HITPOINT WARNING * * *
You feel drained.
* * * LOW HITPOINT WARNING * * *
You feel yourself speed up.
The wight hits you but does no damage. x2
You barely miss the wight.
The wight is almost destroyed.
The wight hits you with a +4 short sword!
* * * LOW HITPOINT WARNING * * *
The wight hits you with a +4 long sword.
* * * LOW HITPOINT WARNING * * *
You completely miss the wight.
The wight is almost destroyed.
The wight closely misses you. The wight hits you but does no damage.
You are confused.
You feel invigorated.
You barely miss the wight.
The wight is almost destroyed.
The wight barely misses you. The wight closely misses you.
You closely miss the wight.
The wight is lightly damaged.
The wight hits you but does no damage.
The wight hits you with a +4 long sword.
* * * LOW HITPOINT WARNING * * *
You feel drained.
* * * LOW HITPOINT WARNING * * *
You bump into the rock wall.
The wight hits you with a +4 long sword.
* * * LOW HITPOINT WARNING * * *
The wight barely misses you.
You bump into the rock wall.
The wight hits you with a +4 short sword!
You die...
Kikubaaqudgha rasps: "You have failed me!
Welcome... death!"

†....###...###...#............#..
...8....._.....8.................
.#...###...###...###.........#.#.
.###.#.##.## ##### #...#######...
## ##..#..#.########...### #..#
#..#.##.>...........# ###..#
#.....#.#####.....#.# #.....
#F.#.8.#.#####..#.##.# #.....
.... #..z#.##z@.....##.# #<....
..# ##..#z.#z##..####.# #..... .
#...........####.# #.....
###..............########
##..#.#.............#
#..#...#......#####.#
#..##.###.....# #..###.#......#
#..# #.......#


You could see 2 wights.

Vanquished Creatures
  Pikel (D:5)
  A kobold demonologist (D:7)
  Sigmund (D:2)
  Duvessa (D:5)
  A water moccasin (D:6)
  A sky beast (D:8)
  3 black bears
  4 ogres
  A phantom (D:6)
  2 kobold brigands
  A gnoll sergeant (D:7)
  A bullfrog (D:6)
  2 necrophages
  3 scorpions
  A wight (D:8)
  Dowan (D:5)
  8 killer bees
  2 howler monkeys
  3 hounds (D:5)
  A jelly (D:7)
  4 orc priests
  Jessica (D:3)
  4 iguanas
  Terence (D:1)
  5 orc wizards
  Robin (D:2)
  12 adders
  8 gnolls
  5 river rats (Sewer)
  An ufetubus (D:6)
  2 worms
  4 dart slugs
  10 orcs
  6 bats
  5 endoplasms
  3 giant cockroaches
  9 hobgoblins
  A jackal (Sewer)
  19 kobolds
  6 quokkas
  14 ball pythons
  3 frilled lizards
  17 goblins
  2 rats (D:1)
182 creatures vanquished.

Vanquished Creatures (collateral kills)
  A water moccasin (D:7)
  A bullfrog (D:7)
2 creatures vanquished.

Vanquished Creatures (others)
  A kobold brigand (Temple)
  A howler monkey (D:7)
  An iguana (Temple)
  An ogre zombie (D:7)
  A giant cockroach (D:7)
5 creatures vanquished.

Grand Total: 189 creatures vanquished

Notes
Turn   | Place    | Note
-------+----------+-------------------------------------------
     0 | D:1      | avis the Naga Venom Mage began the quest for the Orb.
     0 | D:1      | Reached XP level 1. HP: 15/15 MP: 3/3
    35 | D:1      | Found a faded altar of an unknown god.
   271 | D:1      | Reached XP level 2. HP: 18/22 MP: 0/5
   514 | D:1      | Learned a level 2 spell: Poisonous Vapours
   697 | D:1      | Reached skill level 5 in Poison Magic
   876 | D:2      | Noticed Terence
   882 | D:1      | Killed Terence
   883 | D:1      | Reached XP level 3. HP: 10/28 MP: 6/6
   959 | D:2      | Noticed Robin
  1026 | D:1      | Learned a level 3 spell: Mephitic Cloud
  1051 | D:1      | Reached skill level 1 in Fighting
  1099 | D:2      | Reached XP level 4. HP: 38/38 MP: 7/7
  1111 | D:2      | Reached skill level 1 in Air Magic
  1329 | D:2      | Killed Robin
  1807 | D:2      | Noticed Sigmund
  1831 | D:2      | Killed Sigmund
  1832 | D:2      | Reached XP level 5. HP: 15/44 MP: 5/9
  1832 | D:2      | Reached XP level 6. HP: 17/51 MP: 5/10
  1837 | D:2      | Learned a level 4 spell: Olgreb's Toxic Radiance
  2608 | D:3      | Found a runed translucent gate.
  2608 | D:3      | Noticed Iich's ghost (amateur DsFi)
  2609 | D:3      | Found a runed translucent gate.
  2609 | D:3      | Identified the +2 chain mail of the Catamount {Harm Dex+3}
  2656 | D:3      | Found a runed translucent gate.
  2782 | D:3      | Found Moot Iste's Jewellery Boutique.
  3207 | D:3      | Noticed Jessica
  3210 | D:3      | Killed Jessica
  3211 | D:3      | Reached skill level 1 in Conjurations
  3844 | D:4      | Found a broken altar of Ashenzari.
  3902 | D:4      | Found a glowing drain.
  3938 | Sewer    | Entered a sewer
  3946 | Sewer    | Reached XP level 7. HP: 48/57 MP: 1/11
  5313 | D:4      | Found a runed translucent gate.
  5314 | D:4      | Found a runed translucent gate.
  5315 | D:4      | Found a runed translucent gate.
  5315 | D:4      | Noticed FakeRyeBread's ghost (amateur DsGl)
  5581 | D:5      | Entered Level 5 of the Dungeon
  5807 | D:5      | Reached XP level 8. HP: 61/67 MP: 6/12
  5861 | D:5      | Noticed Dowan
  5863 | D:5      | Noticed Duvessa
  5879 | D:5      | Killed Duvessa
  5885 | D:5      | Killed Dowan
  5904 | D:5      | Noticed Pikel
  6183 | D:5      | Found a staircase to the Ecumenical Temple.
  6188 | Temple   | Entered the Ecumenical Temple
  6540 | Temple   | Became a worshipper of Kikubaaqudgha
  6703 | D:5      | Reached skill level 1 in Necromancy
  6953 | D:5      | Killed Pikel
  6954 | D:5      | Reached skill level 5 in Fighting
  6954 | D:5      | Reached XP level 9. HP: 53/82 MP: 9/15
  7734 | D:6      | Reached skill level 5 in Stealth
  8788 | D:7      | Reached * piety under Kikubaaqudgha
  8788 | D:7      | Received a gift from Kikubaaqudgha
  8794 | D:7      | Learned a level 4 spell: Animate Dead
  8979 | D:7      | Noticed a kobold demonologist
  8982 | D:7      | Reached skill level 5 in Necromancy
  8986 | D:7      | Noticed an orange demon
  8993 | D:7      | Noticed an ice devil
  8993 | D:7      | Killed a kobold demonologist
  8994 | D:7      | Reached XP level 10. HP: 75/96 MP: 9/16
  9387 | D:7      | Found Suepnech's Armour Shoppe.
  9657 | Temple   | Upgraded the game from 0.30-a0-476-g330ca2eb8e to
                  | 0.30-a0-509-gd016549fea
 10039 | D:8      | Found a white marble altar of Elyvilon.
 10138 | D:8      | HP: 3/84 [wight/+4 long sword (2)]
 10143 | D:8      | HP: 4/82 [wight/+4 long sword (5)]
 10144 | D:8      | Slain by a wight

Illustrated notes

Levels and vault maps discovered:
D:1:      dpeg_arrival_refuge, layout_loops_ring,
          shapermc_ecumenical_altar_mp_ritualfount
D:2:      layout_loops_ring, uniq_terence, uniq_robin, uniq_sigmund
D:3:      layout_basic, biasface_ghost_orc_armoury, serial_shops, shop,
          st_stairs_11, uniq_jessica
D:4:      wander_river, layout_loops_ring,
          mainiacjoe_overflow_concentric_impassable,
          gammafunk_ghost_nasty_kobolds, cheibrodos_sewer_entry_sluice
D:5:      nicolae_cairo_tiling_very_big, layout_rooms,
          minmay_temple_entry_nine_rooms, nicolae_underground_beach, uniq_pikel,
          uniq_duvessa
D:6:      layout_basic
D:7:      layout_loops_cross, serial_shops, nicolae_shop_trees
D:8:      layout_loops_cross, zin_purify, elyvilon_altar_1,
          minmay_hollow_rounded_squares
Temple:   compressed_dpeg_triangle_lava_temple

Skill      XL: |  1  2  3  4  5  6  7  8  9 10 |
---------------+-------------------------------+-----
Poison Magic   | 5 6 8 |  8.0
Fighting       | 1 2 5 8 |  8.0
Air Magic      | 3 4 |  4.0
Spellcasting   | 3 4 |  4.0
Conjurations   | 3 4 |  4.0
Dodging        | 2 |  2.6
Stealth        | 4 6 |  6.5
Necromancy     | 3 5 6 |  6.6
Transmutations | |  1.0

Action                   |  1- 3 |  4- 6 |  7- 9 | 10-12 || total
-------------------------+-------+-------+-------+-------++-------
Melee: Dagger            |     2 |       |       |       ||     2
       Short sword       |     9 |    40 |   133 |    12 ||   194
       Punch             |       |     1 |     3 |     1 ||     5
       Flail             |       |       |    17 |    16 ||    33
Throw: Boomerang         |    17 |    13 |       |       ||    30
 Cast: Sting             |    21 |    43 |    64 |     3 ||   131
       Mephitic Cloud    |     1 |     5 |    28 |     2 ||    36
       Poisonous Vapours |       |    26 |    22 |     1 ||    49
       Olgreb's Toxic Ra |       |       |     6 |     4 ||    10
       Animate Dead      |       |       |     1 |     3 ||     4
Invok: Unearth Wretches  |       |       |       |     2 ||     2
 Abil: Spit Poison       |    12 |    29 |    47 |     3 ||    91
  Use: Potion            |       |     1 |     2 |     3 ||     6
       Scroll            |       |       |     5 |     2 ||     7
 Stab: Sleeping          |     1 |     1 |     3 |       ||     5
       Confused          |       |     3 |     7 |       ||    10
Armor: Robe              |    13 |    25 |    62 |    11 ||   111
Dodge: Dodged            |     9 |    16 |    38 |    14 ||    77
Block: Other             |       |       |    16 |    10 ||    26
       Reflection        |       |       |       |     1 ||     1

Table legend: (Time is in decaauts)
 A = Elapsed time spent in this place.
 B = Non-inter-level travel time spent in this place.
 C = Inter-level travel time spent in this place.
 D = Time resting spent in this place.
 E = Time spent auto-exploring this place.
 F = Levels seen in this place.
 G = Mean time per level.
                   A        B        C        D        E       F      G
               +--------+--------+--------+--------+--------+-----+--------+
         Total |  12850 |  11158 |   1692 |   2078 |   6386 |  10 | 1285.0 |
       Dungeon |  11329 |   9680 |   1649 |   1650 |   5903 |   8 | 1416.1 |
        Temple |    537 |    494 |     43 |      0 |    443 |   1 |  537.0 |
         Sewer |    983 |    983 |      0 |    428 |     39 |   1 |  983.0 |
               +--------+--------+--------+--------+--------+-----+--------+

Top non-repeatable levels by time:
     D:5: 1683 daAuts
     D:2: 1646 daAuts
     D:3: 1618 daAuts
     D:4: 1568 daAuts
     D:1: 1499 daAuts
     D:6: 1495 daAuts
     D:7: 1490 daAuts
   Sewer: 983 daAuts
  Temple: 537 daAuts
     D:8: 327 daAuts
